AoeStats
← MWPS | VERGATE

Arabia

510599919Analyzed
1v1 RM · 19h ago on Oct 1, 2026· 26m 51s· 2 players
Game mode
Random Map
Map size
Tiny (2 player)
Population
200
Speed
Normal
Resources
Standard
Victory
Conquest
Starting age
Dark Age
Ending age
Imperial Age
RankedLock teamsTeams togetherTeam positionsShared explorationLock speedFull tech treeHidden civsTurbo modeCheats
Victory
Defeat
🇸🇰 Mongols · Slovakia
1110
+17
🇧🇷 Wei · Brazil
1141
-17
Chântalion
7:16 Loom
9:13 Feudal Age
9:10 Loom
10:08 Double-Bit Axe
20:27 Castle Age
19:30 Scale Barding Armor
19:19 Fletching
19:51 Padded Archer Armor
20:39 Gold Mining
21:10 Bodkin Arrow
21:54 Wheelbarrow
22:23 Bow Saw
22:11 Horse Collar
22:57 Leather Archer Armor
MWPS | VERGATE
6:49 Loom
9:15 Feudal Age
9:46 Double-Bit Axe
9:42 Horse Collar
16:53 Wheelbarrow
20:56 Castle Age
19:35 Gold Mining
21:30 Forging
21:26 Scale Barding Armor
22:45 Bloodlines
24:12 Gold Shaft Mining
23:30 Stone Mining
24:27 Husbandry
26:37 Fletching
Connection lost

Rejoining the realm…

Still unreachable

The connection could not be restored.

Session expired

The server has moved on; the page needs a fresh start.